 Dungeon Crawl Stone Soup version 0.26.0-10-g1f06aea511 (webtiles) character file.

Game seed: 13827663621619064689

53 inc the Ducker (level 3, 0/14 HPs)
             Began as a Felid Enchanter on Jan 30, 2021.
             Succumbed to an adder's poison
             ... on level 1 of the Dungeon.
             The game lasted 00:02:54 (1640 turns).

inc the Ducker (Felid Enchanter)                    Turns: 1640, Time: 00:02:54

Health: 0/14       AC:  1    Str:  3 (4)  XL:     3   Next: 64%
Magic:  7/7        EV: 20    Int: 15 (16) God:
Gold:   50         SH:  0    Dex: 15 (17) Spells: 3/6 levels left
                                        Lives:  0   Deaths: 0

rFire    . . .     SeeInvis +     - Unarmed
rCold    . . .     Faith    .   (shield unavailable)
rNeg     . . .     Spirit   .   (armour unavailable)
rPois    .         Reflect  .   (helmet unavailable)
rElec    .         Harm     .   (cloak unavailable)
rCorr    .         Rampage  .   (gloves unavailable)
Will     .....                  (boots unavailable)
Stlth    +++.......             (no amulet)
HPRegen  0.04/turn              (no ring)
MPRegen  0.10/turn              (no ring)

@: lethally poisoned (0 -> -11), berserk cooldown, hasted and slowed, quick
A: very small, no armour, no weapons or thrown items, stealth, claws 1, fangs 3,
see invisible, speed 1, shaggy fur 1, sharp paws
a: no special abilities


You were on level 1 of the Dungeon.
You visited 1 branch of the dungeon, and saw 2 of its levels.

You collected 50 gold pieces.

Inventory:

Scrolls
 a - a scroll of remove curse {unknown}
 f - a scroll of noise {unknown}
Potions
 g - 2 potions of berserk rage


   Skills:
 - Level 0.1 Fighting
 + Level 5.1 Dodging
 - Level 4.0 Stealth
 - Level 1.5 Unarmed Combat
 - Level 2.0 Spellcasting
 - Level 4.4 Hexes


You had 3 spell levels left.
You knew the following spells:

 Your Spells              Type           Power        Failure   Level
a - Corona                Hex            15%          3%          1
b - Ensorcelled Hibernat  Hex/Ice        16%          14%         2

Your spell library contained the following spells:

 Spells                   Type           Power        Failure   Level
 Confusing Touch          Hex            14%          11%         3
 Tukima's Dance           Hex            14%          11%         3
 Dazzling Flash           Conj/Hex       16%          26%         3


Dungeon Overview and Level Annotations

Branches:
Dungeon (2/15)

Altars:


Innate Abilities, Weirdness & Mutations

You cannot wear armour.
You are incapable of wielding weapons or throwing items.
Your paws allow you to move quietly. (Stealth)
You have sharp claws.
You have razor-sharp teeth.
You have supernaturally acute eyesight. (SInv)
You cover ground quickly.
You are covered in fur. (AC +1)
Your sharp claws are effective at attacking unaware monsters.


Message History

You kill the adder!
* * * LOW HITPOINT WARNING * * *
You feel sick.
The leopard gecko completely misses you.
Your Dodging skill increases to level 5!
You miss the leopard gecko. You bite the leopard gecko.
You kill the leopard gecko!
You are too berserk!
* * * LOW HITPOINT WARNING * * *
You feel sick.
You feel a strong urge to attack something.
* * * LOW HITPOINT WARNING * * *
You feel sick.
You feel your anger nearly subside.
You are no longer berserk.
You are exhausted.
You feel yourself slow down.
It was a potion of degeneration.
There was something very wrong with that liquid.
You feel weakened.
You feel dopey.
You feel clumsy.
You die...

#..)# ##.#.#.#.#.#.#.#.#.#
#...# #...#............##
#...# ###.....#.#.#.#.#.#
#...###.....##.........##
#####.....'........#.#.#.#.#
.......####.....###.......##
######.# #..............##
######.####...#†.#######.#
.........##....†@# #.#
######.#.#####.#########.# #
#.#.# #.# #.......#
######.#.# #.# #.#######
.......#.# #.###.###
####.###.# #.......# .#
#.....#####..##...# .#
#............##...# )#
#....#######.##...###########


There were no monsters in sight!

Vanquished Creatures
  2 adders (D:1)
  A dart slug (D:1)
  2 leopard geckos (D:1)
  4 goblins (D:1)
  3 hobgoblins (D:1)
  8 jackals
  4 bats (D:1)
  4 frilled lizards (D:1)
  2 rats (D:1)
30 creatures vanquished.

Notes
Turn   | Place    | Note
-------+----------+-------------------------------------------
     0 | D:1      | inc the Felid Enchanter began the quest for the Orb.
     0 | D:1      | Reached XP level 1. HP: 7/7 MP: 4/4
    38 | D:1      | Reached skill level 3 in Dodging
   184 | D:1      | Reached XP level 2. HP: 11/11 MP: 6/6
   263 | D:1      | Learned a level 2 spell: Ensorcelled Hibernation
   714 | D:1      | Reached skill level 4 in Dodging
  1258 | D:2      | Reached XP level 3. HP: 11/14 MP: 7/7
  1635 | D:1      | Reached skill level 5 in Dodging
  1638 | D:1      | HP: 1/21 [poisoned by an adder]
  1640 | D:1      | Succumbed to an adder's poison

Illustrated notes

Levels and vault maps discovered:
D:1:      dpeg_arrival_water_temple_mockup, layout_basic, minmay_crystal_water,
          hex_medium
D:2:      layout_rooms, gammafunk_temple_overflow_arena,
          grunt_ashenzari_visionary [grunt_ashenzari_visionary_swamp,
          grunt_ashenzari_visionary_snake]

Skill      XL: |  1  2  3 |
---------------+----------+-----
Dodging        | 3 4 5 |  5.1
Fighting       | |  0.1
Stealth        | |  4.0
Unarmed Combat | |  1.5
Spellcasting   | |  2.0
Hexes          | |  4.4

Action                   || total
-------------------------++-------
Melee: Unarmed           ||    85
       Bite              ||     8
       Punch             ||     1
 Cast: Ensorcelled Hiber ||     3
  Use: Potion            ||     5
       Scroll            ||     1
 Stab: Sleeping          ||     9
Armor: Skin              ||     5
Dodge: Dodged            ||   108
